[ PARTIDA AOE2 · #483517342 ]
Team RMTurcos vs Saracens
[ ANÁLISIS DE REPETICIÓN · EXTRAÍDO DE LA PARTIDA GRABADA ]
Feudal
13:55
Castillos
18:05
Imperial
27:40
| APM promedio | 29.1 |
| APM pico | 164 |
| eAPM promedio | 14.6 |
| Aldeanos / militares | 99 / 90 |
Foco
⚔️ 32.1% · 🌾 67.9%
Janissary ×25 · Scout Cavalry ×24 · Scorpion ×15 · Knight ×12 · Trade Cart ×8 · Camel Scout ×8
Feudal
—
Castillos
—
Imperial
—
| APM promedio | 15.2 |
| APM pico | 58 |
| eAPM promedio | 8.6 |
| Aldeanos / militares | 49 / 77 |
Foco
⚔️ 35.2% · 🌾 64.8%
Spearman ×45 · Huskarl ×27 · Battering Ram ×3 · Trebuchet (Packed) ×2 · Unknown (1105) ×1
Feudal
10:35
Castillos
18:53
Imperial
—
| APM promedio | 26.5 |
| APM pico | 73 |
| eAPM promedio | 18.4 |
| Aldeanos / militares | 159 / 87 |
Foco
⚔️ 21.8% · 🌾 78.2%
Spearman ×56 · Militia ×14 · Trade Cart ×8 · Battering Ram ×8 · Mameluke ×6 · Scorpion ×3
Feudal
11:04
Castillos
16:13
Imperial
35:18
| APM promedio | 26.4 |
| APM pico | 56 |
| eAPM promedio | 16.2 |
| Aldeanos / militares | 135 / 150 |
Foco
⚔️ 33.4% · 🌾 66.6%
Knight ×78 · Camel Scout ×40 · Camel Archer ×23 · Trade Cart ×14 · Trebuchet (Packed) ×5 · Battering Ram ×3
Feudal
11:06
Castillos
18:19
Imperial
40:28
| APM promedio | 24.5 |
| APM pico | 81 |
| eAPM promedio | 11.8 |
| Aldeanos / militares | 96 / 67 |
Foco
⚔️ 26.1% · 🌾 73.9%
Magyar Huszar ×67
Feudal
12:25
Castillos
17:38
Imperial
35:27
| APM promedio | 15.8 |
| APM pico | 47 |
| eAPM promedio | 11.2 |
| Aldeanos / militares | 117 / 120 |
Foco
⚔️ 35.0% · 🌾 65.0%
Longbowman ×112 · Trade Cart ×8 · Trebuchet (Packed) ×8
Feudal
—
Castillos
—
Imperial
—
| APM promedio | 7.4 |
| APM pico | 27 |
| eAPM promedio | 6.3 |
| Aldeanos / militares | 84 / 93 |
Foco
⚔️ 24.8% · 🌾 75.2%
Knight ×81 · Trade Cart ×12 · Mangonel ×6 · Monk ×5 · Scorpion ×1
Feudal
11:33
Castillos
21:21
Imperial
33:26
| APM promedio | 19.9 |
| APM pico | 42 |
| eAPM promedio | 12.1 |
| Aldeanos / militares | 151 / 133 |
Foco
⚔️ 25.1% · 🌾 74.9%
Spearman ×128 · Trade Cart ×24 · Monk ×5
Mapa de la partida
Recursos iniciales + cada clic de construcción. Líneas = muros · curvas = relieve. ◆ oro · ⬟ piedra · ● bayas · ✦ reliquia · ◌ hueco del cierre
Tu base· ✓ Cerrada en 18:05 · 0t muro · 3 puerta(s)
Base de T4CH1CU1L· ✓ Cerrada en 14:02 · 0t muro · 3 puerta(s)
Base de Vladsepes· ✓ Cerrada en 18:53 · 27t muro · 3 puerta(s)
Base de Samo· ✓ Cerrada en 16:13 · 0t muro · 2 puerta(s)
Base de Dr. Fishy· ✓ Cerrada en 18:19 · 0t muro · 2 puerta(s)
Base de bmacedo1987· ✓ Cerrada en 17:38 · 56t muro · 5 puerta(s)
Base de LordCommanderPug· ✓ Cerrada en 16:11 · 0t muro · 2 puerta(s)
Base de ibrhmyvz-95· ✓ Cerrada en 21:21 · 6t muro · 3 puerta(s)
Terreno inicial suavizado · ◌ = hueco del cierre detectado · pasá el cursor para detalles
Inputs por minuto
— ElBlack - - T4CH1CU1L
Build order — ElBlack
Primeras 150 de 310 acciones detectadas
| 0:14 | Crear | Villager (Male) |
| 0:15 | Crear | Villager (Male) |
| 0:15 | Crear | Villager (Male) |
| 0:15 | Crear | Villager (Male) |
| 0:20 | Construir | House |
| 0:21 | Construir | House |
| 1:44 | Crear | Villager (Male) |
| 2:20 | Crear | Villager (Male) |
| 3:06 | Crear | Villager (Male) |
| 3:49 | Crear | Villager (Male) |
| 3:50 | Crear | Villager (Male) |
| 3:50 | Crear | Villager (Male) |
| 5:14 | Crear | Villager (Male) |
| 5:14 | Crear | Villager (Male) |
| 5:16 | Crear | Villager (Male) |
| 5:18 | Construir | House |
| 5:19 | Investigar | Loom |
| 5:23 | Crear | Villager (Male) |
| 5:23 | Crear | Villager (Male) |
| 5:23 | Crear | Villager (Male) |
| 5:23 | Crear | Villager (Male) |
| 5:49 | Crear | Villager (Male) |
| 5:49 | Crear | Villager (Male) |
| 6:16 | Crear | Villager (Male) |
| 6:16 | Crear | Villager (Male) |
| 6:28 | Construir | Mill |
| 7:05 | Crear | Villager (Male) |
| 7:05 | Crear | Villager (Male) |
| 7:09 | Crear | Villager (Male) |
| 7:10 | Crear | Villager (Male) |
| 7:22 | Crear | Villager (Male) |
| 8:15 | Construir | House |
| 8:40 | Crear | Villager (Male) |
| 8:47 | Construir | Lumber Camp |
| 9:36 | Construir | Farm |
| 9:37 | Construir | Farm |
| 9:40 | Crear | Villager (Male) |
| 10:14 | Construir | Farm |
| 10:24 | Construir | House |
| 10:26 | Construir | Lumber Camp |
| 11:00 | Construir | Farm |
| 11:45 | Investigar | Feudal Age |
| 12:37 | Construir | Barracks |
| 12:53 | Construir | House |
| 13:55 | Edad | Edad Feudal |
| 14:02 | Construir | Market |
| 14:05 | Construir | Blacksmith |
| 14:07 | Construir | House |
| 14:07 | Crear | Villager (Male) |
| 14:09 | Crear | Villager (Male) |
| 14:43 | Crear | Villager (Male) |
| 14:56 | Construir | Farm |
| 14:57 | Construir | Farm |
| 15:05 | Construir | Mining Camp |
| 15:11 | Construir | Farm |
| 15:25 | Investigar | Castle Age |
| 15:34 | Construir | Stable |
| 16:03 | Investigar | Double-Bit Axe |
| 16:21 | Construir | Mining Camp |
| 16:30 | Crear | Scout Cavalry |
| 16:30 | Crear | Scout Cavalry |
| 16:46 | Crear | Scout Cavalry |
| 16:46 | Crear | Scout Cavalry |
| 16:55 | Crear | Villager (Male) |
| 17:51 | Crear | Villager (Male) |
| 18:05 | Edad | Edad de los Castillos |
| 18:11 | Crear | Villager (Male) |
| 18:19 | Construir | Monastery |
| 18:25 | Construir | University |
| 18:40 | Construir | Farm |
| 18:42 | Crear | Villager (Male) |
| 19:30 | Crear | Villager (Male) |
| 19:53 | Construir | Farm |
| 20:32 | Crear | Villager (Male) |
| 20:37 | Construir | Farm |
| 20:38 | Crear | Villager (Male) |
| 21:00 | Crear | Villager (Male) |
| 21:03 | Construir | House |
| 21:06 | Construir | House |
| 21:07 | Construir | House |
| 21:13 | Crear | Scout Cavalry |
| 21:13 | Crear | Scout Cavalry |
| 22:08 | Crear | Villager (Male) |
| 22:27 | Crear | Monk |
| 22:43 | Crear | Villager (Male) |
| 22:55 | Construir | Town Center |
| 23:00 | Crear | Villager (Male) |
| 23:18 | Crear | Monk |
| 23:25 | Construir | Farm |
| 23:30 | Construir | Farm |
| 23:31 | Construir | Farm |
| 23:32 | Crear | Villager (Male) |
| 23:34 | Construir | Farm |
| 24:14 | Crear | Monk |
| 24:30 | Investigar | Imperial Age |
| 24:41 | Construir | Town Center |
| 24:48 | Construir | Stable |
| 24:50 | Construir | Stable |
| 27:29 | Crear | Villager (Male) |
| 27:29 | Crear | Villager (Male) |
| 27:34 | Construir | Stable |
| 27:40 | Construir | Siege Workshop |
| 27:40 | Edad | Edad Imperial |
| 27:41 | Crear | Villager (Male) |
| 27:42 | Crear | Villager (Male) |
| 28:51 | Crear | Villager (Male) |
| 28:51 | Crear | Villager (Male) |
| 28:53 | Crear | Villager (Male) |
| 28:53 | Crear | Villager (Male) |
| 28:55 | Crear | Villager (Male) |
| 29:06 | Crear | Villager (Male) |
| 29:07 | Crear | Villager (Male) |
| 29:15 | Construir | House |
| 29:16 | Construir | House |
| 29:17 | Construir | House |
| 29:34 | Crear | Villager (Male) |
| 29:40 | Construir | Town Center |
| 29:43 | Crear | Villager (Male) |
| 29:51 | Crear | Scout Cavalry |
| 29:52 | Crear | Scout Cavalry |
| 29:52 | Crear | Scout Cavalry |
| 29:52 | Crear | Scout Cavalry |
| 29:55 | Crear | Scout Cavalry |
| 29:55 | Crear | Scout Cavalry |
| 30:09 | Crear | Villager (Male) |
| 30:09 | Crear | Villager (Male) |
| 30:11 | Crear | Villager (Male) |
| 30:26 | Construir | Farm |
| 30:28 | Construir | Farm |
| 30:30 | Construir | Farm |
| 30:33 | Crear | Villager (Male) |
| 30:39 | Construir | Farm |
| 30:39 | Construir | Farm |
| 30:43 | Construir | Farm |
| 30:47 | Construir | Farm |
| 30:51 | Crear | Villager (Male) |
| 30:51 | Crear | Villager (Male) |
| 30:53 | Crear | Villager (Male) |
| 31:18 | Construir | Castle |
| 31:20 | Construir | Mining Camp |
| 31:27 | Crear | Trade Cart |
| 31:42 | Crear | Scout Cavalry |
| 31:42 | Crear | Scout Cavalry |
| 31:43 | Crear | Scout Cavalry |
| 32:00 | Crear | Villager (Male) |
| 32:00 | Crear | Villager (Male) |
| 32:06 | Construir | Lumber Camp |
| 32:08 | Crear | Villager (Male) |
| 32:13 | Construir | Farm |
| 32:15 | Construir | Farm |
Build order — T4CH1CU1L
Primeras 150 de 211 acciones detectadas
| 0:02 | Investigar | Loom |
| 0:03 | Crear | Villager (Male) |
| 0:03 | Crear | Villager (Male) |
| 0:03 | Crear | Villager (Male) |
| 0:03 | Crear | Villager (Male) |
| 0:07 | Construir | House |
| 0:40 | Construir | House |
| 0:43 | Construir | House |
| 0:52 | Construir | House |
| 1:43 | Crear | Villager (Male) |
| 2:21 | Crear | Villager (Male) |
| 2:34 | Crear | Villager (Male) |
| 3:09 | Crear | Villager (Male) |
| 3:40 | Crear | Villager (Male) |
| 3:56 | Crear | Villager (Male) |
| 4:45 | Crear | Villager (Male) |
| 5:09 | Crear | Villager (Male) |
| 5:46 | Crear | Villager (Male) |
| 5:46 | Crear | Villager (Male) |
| 5:46 | Crear | Villager (Male) |
| 5:46 | Crear | Villager (Male) |
| 5:55 | Construir | Mill |
| 6:29 | Crear | Villager (Male) |
| 6:29 | Crear | Villager (Male) |
| 6:30 | Crear | Villager (Male) |
| 6:53 | Crear | Villager (Male) |
| 7:11 | Crear | Villager (Male) |
| 7:12 | Crear | Villager (Male) |
| 7:59 | Construir | Mill |
| 8:42 | Construir | Mill |
| 9:00 | Construir | Lumber Camp |
| 9:37 | Investigar | Feudal Age |
| 10:12 | Construir | Mining Camp |
| 10:17 | Crear | Villager (Male) |
| 10:17 | Crear | Villager (Male) |
| 10:17 | Crear | Villager (Male) |
| 10:17 | Crear | Villager (Male) |
| 11:45 | Construir | House |
| 12:20 | Construir | Mining Camp |
| 12:37 | Construir | Market |
| 12:42 | Construir | Blacksmith |
| 14:02 | Investigar | Castle Age |
| 15:17 | Construir | Farm |
| 15:21 | Construir | Farm |
| 15:28 | Construir | Farm |
| 15:45 | Construir | Barracks |
| 15:50 | Construir | Farm |
| 16:33 | Construir | Farm |
| 16:36 | Construir | Farm |
| 16:45 | Construir | Castle |
| 17:14 | Construir | Siege Workshop |
| 17:20 | Investigar | Squires |
| 17:51 | Crear | Huskarl |
| 18:11 | Crear | Villager (Male) |
| 18:11 | Crear | Villager (Male) |
| 18:12 | Crear | Villager (Male) |
| 18:19 | Crear | Huskarl |
| 18:20 | Crear | Huskarl |
| 18:53 | Crear | Unit 1105 |
| 19:09 | Crear | Huskarl |
| 19:10 | Crear | Huskarl |
| 19:10 | Crear | Huskarl |
| 19:10 | Crear | Huskarl |
| 19:20 | Construir | Farm |
| 19:24 | Construir | Farm |
| 19:40 | Construir | Farm |
| 19:43 | Crear | Huskarl |
| 19:43 | Crear | Huskarl |
| 21:03 | Investigar | Scale Mail Armor |
| 21:06 | Crear | Huskarl |
| 21:07 | Crear | Huskarl |
| 21:07 | Crear | Huskarl |
| 21:07 | Crear | Huskarl |
| 22:17 | Crear | Huskarl |
| 22:17 | Crear | Huskarl |
| 22:18 | Crear | Huskarl |
| 22:33 | Crear | Villager (Male) |
| 23:00 | Crear | Huskarl |
| 23:12 | Construir | Farm |
| 23:16 | Crear | Villager (Male) |
| 23:26 | Crear | Huskarl |
| 23:41 | Crear | Villager (Male) |
| 23:46 | Construir | Farm |
| 24:22 | Construir | Farm |
| 24:28 | Investigar | Forging |
| 24:56 | Crear | Villager (Male) |
| 25:09 | Investigar | Horse Collar |
| 25:13 | Investigar | Double-Bit Axe |
| 27:19 | Construir | Farm |
| 28:02 | Crear | Battering Ram |
| 28:02 | Crear | Battering Ram |
| 28:04 | Crear | Battering Ram |
| 28:08 | Crear | Huskarl |
| 28:08 | Crear | Huskarl |
| 28:09 | Crear | Huskarl |
| 28:09 | Crear | Huskarl |
| 28:11 | Crear | Huskarl |
| 28:11 | Crear | Huskarl |
| 28:27 | Construir | Farm |
| 28:29 | Crear | Villager (Male) |
| 28:29 | Crear | Villager (Male) |
| 28:30 | Crear | Villager (Male) |
| 28:30 | Crear | Villager (Male) |
| 28:30 | Crear | Villager (Male) |
| 29:10 | Crear | Huskarl |
| 29:46 | Crear | Huskarl |
| 29:47 | Crear | Huskarl |
| 30:08 | Investigar | Pikeman (upgrade) |
| 30:21 | Construir | Farm |
| 30:25 | Construir | Farm |
| 30:31 | Construir | Farm |
| 30:35 | Construir | Farm |
| 30:46 | Construir | Lumber Camp |
| 30:58 | Construir | House |
| 31:01 | Construir | House |
| 31:02 | Construir | House |
| 31:04 | Construir | House |
| 31:05 | Construir | House |
| 31:06 | Construir | House |
| 31:49 | Crear | Spearman |
| 31:49 | Crear | Spearman |
| 31:49 | Crear | Spearman |
| 31:50 | Crear | Spearman |
| 31:50 | Crear | Spearman |
| 31:50 | Crear | Spearman |
| 31:51 | Crear | Spearman |
| 31:51 | Crear | Spearman |
| 31:52 | Crear | Spearman |
| 31:52 | Crear | Spearman |
| 31:52 | Crear | Spearman |
| 31:52 | Crear | Spearman |
| 31:53 | Crear | Spearman |
| 32:33 | Investigar | Imperial Age |
| 33:20 | Construir | Farm |
| 34:17 | Construir | Mining Camp |
| 34:44 | Construir | House |
| 34:45 | Construir | House |
| 35:44 | Crear | Trebuchet (Packed) |
| 36:50 | Crear | Spearman |
| 36:51 | Crear | Spearman |
| 36:51 | Crear | Spearman |
| 36:51 | Crear | Spearman |
| 36:52 | Crear | Spearman |
| 36:52 | Crear | Spearman |
| 36:52 | Crear | Spearman |
| 37:04 | Crear | Trebuchet (Packed) |
| 37:13 | Crear | Villager (Male) |
| 37:14 | Crear | Villager (Male) |
| 37:14 | Crear | Villager (Male) |
| 37:14 | Crear | Villager (Male) |
Build order — Vladsepes
Primeras 150 de 447 acciones detectadas
| 0:15 | Construir | House |
| 0:16 | Construir | House |
| 0:17 | Investigar | Loom |
| 0:18 | Crear | Villager (Male) |
| 0:51 | Crear | Villager (Male) |
| 0:52 | Crear | Villager (Male) |
| 0:52 | Crear | Villager (Male) |
| 2:04 | Crear | Villager (Male) |
| 2:04 | Crear | Villager (Male) |
| 3:02 | Crear | Villager (Male) |
| 3:03 | Crear | Villager (Male) |
| 3:03 | Crear | Villager (Male) |
| 3:03 | Crear | Villager (Male) |
| 3:46 | Crear | Villager (Male) |
| 4:01 | Crear | Villager (Male) |
| 4:24 | Crear | Villager (Male) |
| 4:35 | Construir | Lumber Camp |
| 5:22 | Construir | House |
| 5:24 | Construir | House |
| 5:28 | Crear | Villager (Male) |
| 6:06 | Crear | Villager (Male) |
| 6:06 | Crear | Villager (Male) |
| 6:29 | Construir | Mill |
| 7:27 | Crear | Villager (Male) |
| 7:28 | Crear | Villager (Male) |
| 7:45 | Crear | Villager (Male) |
| 8:25 | Investigar | Feudal Age |
| 8:25 | Investigar | Feudal Age |
| 9:05 | Construir | Mill |
| 9:47 | Crear | Villager (Male) |
| 9:48 | Crear | Villager (Male) |
| 10:35 | Edad | Edad Feudal |
| 10:38 | Investigar | Wheelbarrow |
| 10:43 | Investigar | Double-Bit Axe |
| 11:03 | Crear | Villager (Male) |
| 11:53 | Investigar | Horse Collar |
| 12:12 | Construir | House |
| 12:13 | Construir | House |
| 12:15 | Construir | House |
| 12:21 | Crear | Villager (Male) |
| 12:48 | Construir | Barracks |
| 13:13 | Construir | Market |
| 13:41 | Crear | Spearman |
| 13:52 | Construir | Mining Camp |
| 14:59 | Construir | Lumber Camp |
| 15:28 | Construir | Blacksmith |
| 16:13 | Investigar | Castle Age |
| 16:36 | Construir | Farm |
| 16:36 | Construir | Farm |
| 16:36 | Construir | Farm |
| 16:36 | Construir | Farm |
| 16:37 | Construir | Farm |
| 16:37 | Construir | Farm |
| 16:37 | Construir | Farm |
| 16:38 | Construir | Farm |
| 17:11 | Construir | Farm |
| 17:11 | Construir | Farm |
| 17:11 | Construir | Farm |
| 17:50 | Construir | Stone Wall |
| 17:53 | Construir | Stone Wall |
| 18:22 | Construir | Mining Camp |
| 18:41 | Crear | Villager (Male) |
| 18:41 | Crear | Villager (Male) |
| 18:43 | Crear | Villager (Male) |
| 18:43 | Crear | Villager (Male) |
| 18:53 | Edad | Edad de los Castillos |
| 19:17 | Crear | Spearman |
| 19:17 | Crear | Spearman |
| 20:07 | Construir | Stone Wall |
| 21:19 | Construir | Town Center |
| 21:32 | Crear | Villager (Male) |
| 21:33 | Crear | Villager (Male) |
| 21:33 | Crear | Villager (Male) |
| 21:38 | Investigar | Gold Mining |
| 22:22 | Construir | Stone Wall |
| 22:43 | Crear | Villager (Male) |
| 22:43 | Crear | Villager (Male) |
| 23:29 | Crear | Villager (Male) |
| 23:30 | Crear | Villager (Male) |
| 23:30 | Crear | Villager (Male) |
| 23:37 | Construir | Farm |
| 23:37 | Construir | Farm |
| 23:37 | Construir | Farm |
| 23:38 | Construir | Farm |
| 23:38 | Construir | Farm |
| 23:38 | Construir | Farm |
| 23:55 | Construir | Archery Range |
| 24:22 | Crear | Villager (Male) |
| 24:22 | Crear | Villager (Male) |
| 24:23 | Crear | Villager (Male) |
| 24:23 | Crear | Villager (Male) |
| 24:32 | Construir | Stone Wall |
| 24:34 | Construir | Stone Wall |
| 24:35 | Construir | Stone Wall |
| 25:28 | Crear | Villager (Male) |
| 25:28 | Crear | Villager (Male) |
| 25:29 | Crear | Villager (Male) |
| 25:40 | Construir | Archery Range |
| 25:43 | Crear | Militia |
| 25:47 | Crear | Spearman |
| 26:10 | Crear | Spearman |
| 26:37 | Construir | Barracks |
| 26:39 | Construir | Barracks |
| 27:06 | Construir | Castle |
| 27:12 | Crear | Villager (Male) |
| 27:13 | Crear | Villager (Male) |
| 27:13 | Crear | Villager (Male) |
| 27:13 | Crear | Villager (Male) |
| 27:14 | Crear | Villager (Male) |
| 27:14 | Crear | Villager (Male) |
| 27:41 | Crear | Trade Cart |
| 27:41 | Crear | Trade Cart |
| 27:42 | Crear | Trade Cart |
| 28:11 | Crear | Villager (Male) |
| 28:11 | Crear | Villager (Male) |
| 28:12 | Crear | Villager (Male) |
| 28:12 | Crear | Villager (Male) |
| 28:46 | Construir | Town Center |
| 28:53 | Crear | Villager (Male) |
| 28:53 | Crear | Villager (Male) |
| 28:53 | Crear | Villager (Male) |
| 28:54 | Crear | Villager (Male) |
| 28:54 | Crear | Villager (Male) |
| 29:53 | Construir | Stone Wall |
| 29:56 | Construir | Stone Wall |
| 30:04 | Construir | University |
| 30:07 | Crear | Villager (Male) |
| 30:08 | Crear | Villager (Male) |
| 30:08 | Crear | Villager (Male) |
| 30:13 | Construir | Farm |
| 30:14 | Construir | Farm |
| 30:14 | Construir | Farm |
| 30:14 | Construir | Farm |
| 30:33 | Crear | Villager (Male) |
| 30:33 | Crear | Villager (Male) |
| 31:13 | Investigar | Scale Mail Armor |
| 31:23 | Crear | Villager (Male) |
| 31:23 | Crear | Villager (Male) |
| 31:32 | Construir | Farm |
| 31:33 | Construir | Farm |
| 31:33 | Construir | Farm |
| 31:33 | Construir | Farm |
| 31:33 | Construir | Farm |
| 31:34 | Construir | Farm |
| 31:38 | Investigar | Heavy Plow |
| 32:09 | Construir | Town Center |
| 32:24 | Crear | Villager (Male) |
| 32:25 | Crear | Villager (Male) |
| 32:25 | Crear | Villager (Male) |
| 32:25 | Crear | Villager (Male) |
Build order — Samo
Primeras 150 de 482 acciones detectadas
| 0:06 | Construir | House |
| 0:06 | Construir | House |
| 0:15 | Crear | Villager (Male) |
| 0:15 | Crear | Villager (Male) |
| 0:49 | Crear | Villager (Male) |
| 0:49 | Crear | Villager (Male) |
| 0:49 | Crear | Villager (Male) |
| 1:06 | Construir | Lumber Camp |
| 1:30 | Crear | Villager (Male) |
| 2:18 | Crear | Villager (Male) |
| 3:14 | Crear | Villager (Male) |
| 3:14 | Crear | Villager (Male) |
| 3:34 | Construir | House |
| 3:36 | Construir | House |
| 3:46 | Crear | Villager (Male) |
| 4:18 | Crear | Villager (Male) |
| 4:45 | Crear | Villager (Male) |
| 5:01 | Crear | Villager (Male) |
| 5:24 | Crear | Villager (Male) |
| 5:39 | Crear | Villager (Male) |
| 5:57 | Construir | Mill |
| 6:48 | Crear | Villager (Male) |
| 6:58 | Construir | Mining Camp |
| 7:12 | Crear | Villager (Male) |
| 7:39 | Crear | Villager (Male) |
| 7:40 | Crear | Villager (Male) |
| 8:04 | Crear | Villager (Male) |
| 8:26 | Investigar | Feudal Age |
| 9:09 | Construir | House |
| 9:10 | Construir | House |
| 9:58 | Construir | Farm |
| 9:58 | Construir | Farm |
| 9:59 | Construir | Farm |
| 9:59 | Construir | Farm |
| 10:33 | Construir | Farm |
| 11:04 | Edad | Edad Feudal |
| 11:10 | Crear | Villager (Male) |
| 11:10 | Crear | Villager (Male) |
| 11:10 | Crear | Villager (Male) |
| 11:16 | Construir | Blacksmith |
| 11:44 | Crear | Villager (Male) |
| 12:20 | Construir | Market |
| 12:50 | Crear | Villager (Male) |
| 13:33 | Investigar | Castle Age |
| 13:33 | Investigar | Castle Age |
| 13:50 | Construir | Barracks |
| 14:12 | Construir | Barracks |
| 14:24 | Construir | Farm |
| 14:24 | Construir | Farm |
| 14:32 | Investigar | Double-Bit Axe |
| 14:34 | Investigar | Horse Collar |
| 14:40 | Construir | Farm |
| 15:09 | Construir | Farm |
| 15:09 | Construir | Farm |
| 15:21 | Construir | Farm |
| 16:13 | Edad | Edad de los Castillos |
| 16:19 | Crear | Villager (Male) |
| 16:19 | Crear | Villager (Male) |
| 16:20 | Crear | Villager (Male) |
| 16:20 | Crear | Villager (Male) |
| 16:33 | Construir | Town Center |
| 17:13 | Investigar | Bow Saw |
| 17:44 | Investigar | Heavy Plow |
| 17:50 | Crear | Villager (Male) |
| 17:51 | Crear | Villager (Male) |
| 17:51 | Crear | Villager (Male) |
| 17:54 | Construir | House |
| 17:54 | Construir | House |
| 17:55 | Construir | House |
| 18:28 | Construir | Barracks |
| 18:54 | Crear | Villager (Male) |
| 18:54 | Crear | Villager (Male) |
| 18:55 | Crear | Villager (Male) |
| 18:56 | Crear | Villager (Male) |
| 19:11 | Construir | Town Center |
| 19:38 | Construir | Stable |
| 19:46 | Crear | Villager (Male) |
| 19:46 | Crear | Villager (Male) |
| 19:47 | Crear | Villager (Male) |
| 19:47 | Crear | Villager (Male) |
| 19:47 | Crear | Villager (Male) |
| 19:47 | Crear | Villager (Male) |
| 20:07 | Construir | Farm |
| 20:08 | Construir | Farm |
| 20:08 | Construir | Farm |
| 20:23 | Construir | Mill |
| 20:31 | Construir | House |
| 20:45 | Crear | Knight |
| 20:52 | Crear | Knight |
| 21:01 | Construir | Stable |
| 21:20 | Construir | Stable |
| 21:29 | Crear | Knight |
| 21:42 | Crear | Knight |
| 22:01 | Crear | Knight |
| 22:02 | Crear | Knight |
| 22:02 | Investigar | Bloodlines |
| 22:26 | Construir | Siege Workshop |
| 22:31 | Crear | Knight |
| 22:31 | Crear | Knight |
| 22:39 | Construir | Farm |
| 22:40 | Construir | Farm |
| 22:40 | Construir | Farm |
| 22:45 | Crear | Knight |
| 22:56 | Crear | Villager (Male) |
| 22:57 | Crear | Villager (Male) |
| 23:02 | Construir | Farm |
| 23:04 | Construir | Farm |
| 23:08 | Crear | Villager (Male) |
| 23:09 | Crear | Villager (Male) |
| 23:09 | Crear | Villager (Male) |
| 23:36 | Construir | Monastery |
| 23:37 | Crear | Villager (Male) |
| 23:37 | Crear | Villager (Male) |
| 23:37 | Crear | Villager (Male) |
| 23:48 | Crear | Knight |
| 23:49 | Crear | Knight |
| 23:54 | Crear | Villager (Male) |
| 23:54 | Crear | Villager (Male) |
| 23:54 | Crear | Villager (Male) |
| 23:57 | Construir | Farm |
| 24:09 | Crear | Villager (Male) |
| 24:17 | Investigar | Loom |
| 24:21 | Crear | Monk |
| 24:44 | Construir | Castle |
| 24:59 | Construir | Castle |
| 25:07 | Crear | Knight |
| 25:07 | Crear | Knight |
| 25:08 | Crear | Villager (Male) |
| 25:09 | Crear | Villager (Male) |
| 25:09 | Crear | Villager (Male) |
| 25:09 | Crear | Villager (Male) |
| 25:09 | Crear | Villager (Male) |
| 25:10 | Crear | Villager (Male) |
| 25:13 | Construir | Farm |
| 25:13 | Construir | Farm |
| 25:14 | Construir | Farm |
| 25:14 | Construir | Farm |
| 25:14 | Construir | Farm |
| 25:14 | Construir | Farm |
| 25:15 | Construir | Farm |
| 25:29 | Crear | Villager (Male) |
| 25:29 | Crear | Villager (Male) |
| 25:41 | Construir | House |
| 25:41 | Construir | House |
| 25:52 | Construir | Gate |
| 26:02 | Crear | Knight |
| 26:02 | Crear | Knight |
| 26:16 | Crear | Villager (Male) |
| 26:16 | Crear | Villager (Male) |
| 26:40 | Crear | Villager (Male) |
Build order — Dr. Fishy
Primeras 150 de 197 acciones detectadas
| 0:04 | Construir | House |
| 0:05 | Crear | Villager (Male) |
| 0:05 | Crear | Villager (Male) |
| 0:05 | Crear | Villager (Male) |
| 0:07 | Construir | House |
| 0:38 | Crear | Villager (Male) |
| 1:43 | Crear | Villager (Male) |
| 2:10 | Investigar | Loom |
| 2:24 | Crear | Villager (Male) |
| 2:25 | Crear | Villager (Male) |
| 3:07 | Crear | Villager (Male) |
| 3:08 | Crear | Villager (Male) |
| 3:19 | Construir | Mill |
| 3:29 | Construir | House |
| 3:30 | Construir | House |
| 3:40 | Crear | Villager (Male) |
| 4:22 | Crear | Villager (Male) |
| 5:02 | Crear | Villager (Male) |
| 5:03 | Crear | Villager (Male) |
| 5:03 | Crear | Villager (Male) |
| 5:16 | Crear | Villager (Male) |
| 6:05 | Crear | Villager (Male) ×3 |
| 6:34 | Construir | Lumber Camp |
| 7:19 | Crear | Villager (Male) ×2 |
| 7:58 | Crear | Villager (Male) |
| 8:27 | Crear | Villager (Male) |
| 8:56 | Investigar | Feudal Age |
| 10:00 | Construir | House |
| 10:01 | Construir | House |
| 10:06 | Construir | Barracks |
| 11:06 | Edad | Edad Feudal |
| 11:30 | Construir | Mining Camp |
| 11:58 | Investigar | Wheelbarrow |
| 12:52 | Investigar | Town Watch |
| 13:07 | Construir | Market |
| 13:41 | Crear | Villager (Male) |
| 13:55 | Crear | Villager (Male) |
| 14:26 | Crear | Villager (Male) |
| 15:02 | Construir | Blacksmith |
| 15:39 | Investigar | Castle Age |
| 15:48 | Construir | Mining Camp |
| 16:55 | Crear | Villager (Male) |
| 17:45 | Construir | Farm |
| 17:50 | Construir | Farm |
| 17:54 | Construir | Farm |
| 17:57 | Construir | Farm |
| 18:01 | Construir | Farm |
| 18:11 | Construir | Farm |
| 18:12 | Construir | Farm |
| 18:19 | Edad | Edad de los Castillos |
| 19:14 | Construir | Castle |
| 19:33 | Crear | Villager (Male) ×2 |
| 19:40 | Crear | Villager (Male) |
| 20:45 | Investigar | Fletching |
| 20:55 | Crear | Villager (Male) |
| 21:45 | Construir | Mining Camp |
| 22:20 | Investigar | Corvinian Army |
| 22:31 | Crear | Villager (Male) |
| 22:33 | Crear | Villager (Male) |
| 22:38 | Construir | Farm |
| 22:52 | Crear | Villager (Male) |
| 23:04 | Investigar | Bodkin Arrow |
| 23:43 | Crear | Magyar Huszar ×2 |
| 24:05 | Crear | Villager (Male) |
| 24:46 | Crear | Magyar Huszar |
| 24:46 | Crear | Magyar Huszar |
| 25:32 | Crear | Magyar Huszar |
| 25:32 | Crear | Magyar Huszar |
| 26:27 | Crear | Villager (Male) ×3 |
| 27:27 | Crear | Villager (Male) ×2 |
| 28:48 | Crear | Villager (Male) ×5 |
| 29:08 | Crear | Villager (Male) |
| 30:26 | Construir | Castle |
| 30:29 | Construir | Mining Camp |
| 30:34 | Construir | Mining Camp |
| 30:47 | Crear | Villager (Male) ×5 |
| 30:47 | Crear | Villager (Male) |
| 30:51 | Investigar | Hand Cart |
| 31:00 | Construir | Town Center |
| 31:24 | Construir | Farm |
| 31:25 | Construir | Farm |
| 31:26 | Construir | Farm |
| 31:29 | Construir | Farm |
| 31:30 | Construir | Farm |
| 31:50 | Construir | Farm |
| 31:51 | Construir | Farm |
| 31:51 | Construir | Farm |
| 31:52 | Construir | Farm |
| 31:53 | Construir | Farm |
| 31:53 | Construir | Farm |
| 31:54 | Construir | Farm |
| 31:55 | Construir | Farm |
| 31:56 | Construir | Farm |
| 31:56 | Construir | Farm |
| 31:57 | Construir | Farm |
| 31:58 | Construir | Farm |
| 31:59 | Construir | Farm |
| 32:00 | Construir | Farm |
| 32:01 | Construir | Farm |
| 32:14 | Crear | Villager (Male) ×5 |
| 32:56 | Crear | Villager (Male) ×4 |
| 33:06 | Construir | House |
| 33:07 | Construir | House |
| 33:08 | Construir | House |
| 33:11 | Construir | House |
| 33:12 | Construir | House |
| 33:13 | Construir | House |
| 33:16 | Construir | House |
| 33:17 | Construir | House |
| 33:17 | Construir | House |
| 33:20 | Construir | House |
| 33:22 | Construir | House |
| 33:23 | Construir | House |
| 33:24 | Construir | House |
| 33:25 | Construir | House |
| 33:27 | Construir | House |
| 33:38 | Construir | University |
| 33:48 | Investigar | Scale Barding Armor |
| 33:49 | Investigar | Padded Archer Armor |
| 33:53 | Investigar | Town Patrol |
| 33:58 | Crear | Villager (Male) ×2 |
| 33:58 | Crear | Villager (Male) |
| 34:59 | Crear | Villager (Male) |
| 35:00 | Crear | Villager (Male) |
| 35:01 | Crear | Villager (Male) |
| 35:01 | Crear | Villager (Male) |
| 35:01 | Crear | Villager (Male) |
| 35:09 | Construir | Farm |
| 35:24 | Investigar | Chain Barding Armor |
| 35:25 | Investigar | Leather Archer Armor |
| 35:34 | Construir | Farm |
| 35:35 | Construir | Farm |
| 35:36 | Construir | Farm |
| 35:40 | Construir | Farm |
| 35:41 | Construir | Farm |
| 35:42 | Construir | Farm |
| 35:42 | Construir | Farm |
| 35:43 | Construir | Farm |
| 35:44 | Construir | Farm |
| 35:44 | Construir | Farm |
| 36:40 | Crear | Villager (Male) |
| 36:40 | Crear | Villager (Male) |
| 36:40 | Crear | Villager (Male) |
| 36:40 | Crear | Villager (Male) |
| 36:41 | Crear | Villager (Male) |
| 36:41 | Crear | Villager (Male) |
| 36:41 | Crear | Villager (Male) |
| 36:59 | Construir | Farm |
| 37:00 | Construir | Farm |
| 37:01 | Construir | Farm |
Build order — bmacedo1987
Primeras 150 de 370 acciones detectadas
| 0:03 | Construir | House |
| 0:05 | Construir | House |
| 0:11 | Crear | Villager (Male) |
| 0:11 | Crear | Villager (Male) |
| 0:11 | Crear | Villager (Male) |
| 0:12 | Crear | Villager (Male) |
| 0:12 | Crear | Villager (Male) |
| 1:38 | Crear | Villager (Male) |
| 1:38 | Crear | Villager (Male) |
| 2:06 | Crear | Villager (Male) |
| 2:15 | Crear | Villager (Male) |
| 3:11 | Construir | House |
| 3:15 | Construir | Mill |
| 3:23 | Crear | Villager (Male) |
| 3:24 | Crear | Villager (Male) |
| 3:24 | Crear | Villager (Male) |
| 3:24 | Crear | Villager (Male) |
| 3:49 | Crear | Villager (Male) |
| 5:09 | Crear | Villager (Male) |
| 5:09 | Crear | Villager (Male) |
| 5:10 | Crear | Villager (Male) |
| 5:10 | Crear | Villager (Male) |
| 5:10 | Crear | Villager (Male) |
| 5:23 | Crear | Villager (Male) |
| 5:48 | Construir | House |
| 6:36 | Crear | Villager (Male) |
| 6:37 | Crear | Villager (Male) |
| 6:37 | Crear | Villager (Male) |
| 6:39 | Crear | Villager (Male) |
| 7:00 | Construir | Mining Camp |
| 7:14 | Construir | Lumber Camp |
| 7:46 | Construir | Mining Camp |
| 7:47 | Crear | Villager (Male) |
| 7:47 | Crear | Villager (Male) |
| 7:56 | Investigar | Loom |
| 9:08 | Construir | House |
| 9:50 | Crear | Villager (Male) |
| 10:11 | Investigar | Feudal Age |
| 10:47 | Construir | Mill |
| 11:15 | Construir | House |
| 11:22 | Crear | Villager (Male) |
| 11:22 | Crear | Villager (Male) |
| 12:25 | Edad | Edad Feudal |
| 12:38 | Construir | Blacksmith |
| 12:42 | Construir | Market |
| 12:56 | Construir | Mill |
| 13:10 | Construir | Stone Wall |
| 13:18 | Construir | Gate |
| 13:30 | Construir | Stone Wall |
| 13:35 | Construir | Stone Wall |
| 13:41 | Construir | Gate |
| 14:07 | Construir | Stone Wall |
| 14:09 | Construir | Stone Wall |
| 14:13 | Construir | Stone Wall |
| 14:20 | Construir | Gate |
| 14:25 | Construir | Stone Wall |
| 14:58 | Investigar | Castle Age |
| 16:14 | Crear | Villager (Male) |
| 16:14 | Crear | Villager (Male) |
| 16:15 | Crear | Villager (Male) |
| 16:15 | Crear | Villager (Male) |
| 16:15 | Crear | Villager (Male) |
| 16:15 | Crear | Villager (Male) |
| 16:20 | Construir | House |
| 17:26 | Crear | Villager (Male) |
| 17:26 | Crear | Villager (Male) |
| 17:26 | Crear | Villager (Male) |
| 17:27 | Crear | Villager (Male) |
| 17:38 | Edad | Edad de los Castillos |
| 17:42 | Construir | Town Center |
| 18:05 | Construir | University |
| 18:12 | Investigar | Horse Collar |
| 18:17 | Investigar | Double-Bit Axe |
| 18:56 | Crear | Villager (Male) |
| 18:56 | Crear | Villager (Male) |
| 18:57 | Crear | Villager (Male) |
| 19:04 | Construir | Farm |
| 19:06 | Construir | Farm |
| 19:15 | Construir | Farm |
| 19:16 | Construir | Farm |
| 19:18 | Construir | Farm |
| 20:35 | Construir | Farm |
| 20:52 | Construir | Farm |
| 20:56 | Construir | Farm |
| 20:57 | Construir | Farm |
| 20:59 | Construir | Farm |
| 21:02 | Construir | Farm |
| 21:03 | Construir | Farm |
| 21:05 | Construir | Farm |
| 21:06 | Construir | Farm |
| 21:09 | Crear | Villager (Male) |
| 21:09 | Crear | Villager (Male) |
| 21:09 | Crear | Villager (Male) |
| 21:09 | Crear | Villager (Male) |
| 21:10 | Crear | Villager (Male) |
| 21:18 | Construir | Farm |
| 21:37 | Construir | Castle |
| 21:48 | Construir | Mining Camp |
| 22:41 | Crear | Villager (Male) |
| 22:41 | Crear | Villager (Male) |
| 22:41 | Crear | Villager (Male) |
| 22:41 | Crear | Villager (Male) |
| 22:41 | Crear | Villager (Male) |
| 22:42 | Crear | Villager (Male) |
| 22:42 | Crear | Villager (Male) |
| 23:44 | Construir | Farm |
| 23:45 | Construir | Farm |
| 23:46 | Construir | Farm |
| 24:01 | Construir | Town Center |
| 24:07 | Investigar | Bow Saw |
| 24:10 | Investigar | Heavy Plow |
| 24:24 | Crear | Villager (Male) |
| 24:24 | Crear | Villager (Male) |
| 24:24 | Crear | Villager (Male) |
| 24:24 | Crear | Villager (Male) |
| 24:25 | Crear | Villager (Male) |
| 24:46 | Crear | Longbowman |
| 24:46 | Crear | Longbowman |
| 24:46 | Crear | Longbowman |
| 24:47 | Crear | Longbowman |
| 24:47 | Crear | Longbowman |
| 24:47 | Crear | Longbowman |
| 24:47 | Crear | Longbowman |
| 25:03 | Investigar | Fortified Wall (upgrade) |
| 27:45 | Construir | Castle |
| 27:56 | Crear | Villager (Male) |
| 27:56 | Crear | Villager (Male) |
| 27:56 | Crear | Villager (Male) |
| 27:57 | Crear | Villager (Male) |
| 27:57 | Crear | Villager (Male) |
| 27:57 | Crear | Villager (Male) |
| 27:57 | Crear | Villager (Male) |
| 27:58 | Crear | Villager (Male) |
| 27:58 | Crear | Villager (Male) |
| 27:58 | Crear | Villager (Male) |
| 27:58 | Crear | Villager (Male) |
| 27:58 | Crear | Villager (Male) |
| 27:59 | Crear | Villager (Male) |
| 27:59 | Crear | Villager (Male) |
| 28:13 | Investigar | Yeomen |
| 28:56 | Construir | House |
| 28:57 | Construir | House |
| 28:57 | Construir | House |
| 28:57 | Construir | House |
| 28:58 | Construir | House |
| 28:58 | Construir | House |
| 28:58 | Construir | House |
| 28:58 | Construir | House |
| 28:59 | Construir | House |
| 28:59 | Construir | House |
Build order — LordCommanderPug
Primeras 150 de 203 acciones detectadas
| 0:14 | Crear | Villager (Male) |
| 0:14 | Investigar | Loom |
| 0:16 | Crear | Villager (Male) ×3 |
| 0:48 | Construir | House |
| 0:50 | Construir | House |
| 0:51 | Construir | House |
| 0:52 | Construir | House |
| 0:53 | Construir | House |
| 0:56 | Construir | House |
| 1:46 | Crear | Villager (Male) |
| 2:17 | Crear | Villager (Male) |
| 2:48 | Crear | Villager (Male) |
| 3:43 | Crear | Villager (Male) ×2 |
| 4:09 | Crear | Villager (Male) |
| 4:51 | Crear | Villager (Male) ×2 |
| 5:07 | Crear | Villager (Male) |
| 5:48 | Crear | Villager (Male) |
| 5:49 | Crear | Villager (Male) |
| 6:32 | Construir | Mill |
| 6:40 | Crear | Villager (Male) |
| 7:04 | Crear | Villager (Male) ×2 |
| 7:05 | Crear | Villager (Male) |
| 7:19 | Crear | Villager (Male) ×3 |
| 8:08 | Construir | Lumber Camp |
| 9:23 | Crear | Villager (Male) ×3 |
| 9:53 | Construir | Mining Camp |
| 10:10 | Construir | Farm |
| 10:11 | Construir | Farm |
| 10:12 | Construir | Farm |
| 10:13 | Construir | Farm |
| 10:14 | Construir | Farm |
| 10:15 | Construir | Farm |
| 10:17 | Construir | Farm |
| 11:17 | Construir | Mining Camp |
| 12:19 | Investigar | Feudal Age |
| 14:33 | Construir | Market |
| 14:48 | Construir | Blacksmith |
| 15:11 | Construir | Barracks |
| 16:11 | Investigar | Castle Age |
| 16:39 | Crear | Trade Cart ×6 |
| 17:09 | Investigar | Double-Bit Axe |
| 17:20 | Investigar | Gold Mining |
| 17:47 | Investigar | Stone Mining |
| 18:07 | Construir | Stone Wall |
| 18:54 | Construir | Monastery |
| 19:03 | Construir | University |
| 19:26 | Crear | Villager (Male) ×6 |
| 19:48 | Crear | Monk ×5 |
| 20:01 | Construir | House |
| 20:06 | Construir | House |
| 20:07 | Construir | House |
| 20:08 | Construir | House |
| 20:12 | Construir | House |
| 20:15 | Construir | House |
| 20:17 | Construir | House |
| 20:19 | Construir | House |
| 20:50 | Investigar | Bow Saw |
| 21:00 | Crear | Villager (Male) ×2 |
| 21:20 | Construir | Farm |
| 22:04 | Construir | Farm |
| 22:05 | Construir | Farm |
| 22:07 | Construir | Farm |
| 22:10 | Construir | Farm |
| 22:29 | Construir | Farm |
| 23:36 | Construir | Farm |
| 23:58 | Construir | Town Center |
| 26:15 | Construir | Stable |
| 26:17 | Construir | Stable |
| 26:19 | Construir | Stable |
| 26:28 | Investigar | Imperial Age |
| 26:49 | Crear | Villager (Male) |
| 27:25 | Investigar | Husbandry |
| 27:33 | Construir | Farm |
| 27:47 | Crear | Villager (Male) |
| 28:40 | Construir | Siege Workshop |
| 28:42 | Construir | Siege Workshop |
| 28:43 | Construir | Siege Workshop |
| 28:55 | Construir | Farm |
| 28:56 | Construir | Farm |
| 29:08 | Crear | Villager (Male) ×6 |
| 29:50 | Construir | Farm |
| 30:15 | Construir | Stable |
| 30:17 | Construir | Stable |
| 30:18 | Construir | Stable |
| 30:23 | Construir | Stable |
| 30:38 | Investigar | Wheelbarrow |
| 30:39 | Crear | Villager (Male) ×3 |
| 30:40 | Crear | Villager (Male) |
| 30:49 | Crear | Knight |
| 31:02 | Construir | Farm |
| 31:07 | Construir | Farm |
| 31:17 | Crear | Villager (Male) ×2 |
| 31:25 | Construir | Farm |
| 31:38 | Crear | Villager (Male) ×2 |
| 31:50 | Construir | Castle |
| 32:06 | Crear | Villager (Male) ×3 |
| 32:16 | Construir | Farm |
| 32:56 | Investigar | Hand Cart |
| 33:00 | Construir | Farm |
| 33:09 | Construir | Farm |
| 33:17 | Investigar | Scale Mail Armor |
| 33:34 | Construir | Farm |
| 33:41 | Crear | Villager (Male) ×3 |
| 33:57 | Construir | Mining Camp |
| 34:10 | Crear | Villager (Male) ×5 |
| 34:19 | Construir | Farm |
| 34:45 | Construir | Farm |
| 35:08 | Construir | Farm |
| 35:22 | Investigar | Chivalry |
| 35:37 | Construir | Castle |
| 36:02 | Construir | Mining Camp |
| 36:08 | Construir | Farm |
| 36:24 | Crear | Knight ×15 |
| 36:25 | Crear | Knight |
| 36:26 | Crear | Knight ×2 |
| 36:32 | Construir | Farm |
| 36:39 | Crear | Villager (Male) ×2 |
| 36:39 | Crear | Villager (Male) |
| 36:47 | Construir | Farm |
| 36:56 | Crear | Knight ×4 |
| 37:04 | Crear | Mangonel ×6 |
| 37:18 | Construir | Farm |
| 37:22 | Construir | Farm |
| 37:34 | Crear | Knight ×5 |
| 37:35 | Crear | Knight |
| 37:47 | Construir | Stable |
| 37:49 | Construir | Stable |
| 38:00 | Construir | House |
| 38:01 | Construir | House |
| 38:01 | Construir | House |
| 38:01 | Construir | House |
| 38:02 | Construir | House |
| 38:02 | Construir | House |
| 38:03 | Construir | House |
| 38:03 | Construir | House |
| 38:03 | Construir | House |
| 38:03 | Construir | House |
| 38:04 | Construir | House |
| 38:04 | Construir | House |
| 38:05 | Construir | House |
| 38:06 | Construir | House |
| 38:06 | Construir | House |
| 38:06 | Construir | House |
| 38:06 | Construir | House |
| 38:07 | Construir | House |
| 38:07 | Construir | House |
| 38:08 | Construir | House |
| 38:08 | Construir | House |
| 38:08 | Construir | House |
| 38:23 | Investigar | Cavalier (upgrade) |
Build order — ibrhmyvz-95
Primeras 150 de 305 acciones detectadas
| 0:03 | Crear | Villager (Male) |
| 0:21 | Investigar | Loom |
| 0:21 | Investigar | Loom |
| 1:03 | Crear | Villager (Male) |
| 1:04 | Crear | Villager (Male) |
| 1:38 | Construir | House |
| 2:05 | Construir | House |
| 2:08 | Construir | House |
| 2:10 | Construir | House |
| 2:15 | Crear | Villager (Male) |
| 2:15 | Crear | Villager (Male) |
| 2:16 | Crear | Villager (Male) |
| 2:34 | Crear | Villager (Male) |
| 2:34 | Crear | Villager (Male) |
| 4:16 | Construir | Lumber Camp |
| 4:16 | Crear | Villager (Male) |
| 4:17 | Crear | Villager (Male) |
| 4:17 | Crear | Villager (Male) |
| 4:17 | Crear | Villager (Male) |
| 5:02 | Crear | Villager (Male) |
| 5:51 | Crear | Villager (Male) |
| 5:52 | Crear | Villager (Male) |
| 5:52 | Crear | Villager (Male) |
| 6:20 | Crear | Villager (Male) |
| 6:21 | Crear | Villager (Male) |
| 6:57 | Construir | Mill |
| 7:47 | Crear | Villager (Male) |
| 8:17 | Crear | Villager (Male) |
| 8:51 | Crear | Villager (Male) |
| 9:19 | Crear | Villager (Male) |
| 9:19 | Crear | Villager (Male) |
| 9:23 | Investigar | Feudal Age |
| 9:23 | Investigar | Feudal Age |
| 9:56 | Construir | Mining Camp |
| 10:12 | Construir | House |
| 10:13 | Construir | House |
| 10:15 | Construir | House |
| 11:24 | Crear | Villager (Male) |
| 11:33 | Edad | Edad Feudal |
| 11:43 | Investigar | Horse Collar |
| 11:46 | Investigar | Double-Bit Axe |
| 12:01 | Crear | Villager (Male) |
| 12:01 | Crear | Villager (Male) |
| 12:01 | Crear | Villager (Male) |
| 12:02 | Crear | Villager (Male) |
| 12:42 | Crear | Villager (Male) |
| 12:42 | Crear | Villager (Male) |
| 12:43 | Crear | Villager (Male) |
| 12:51 | Construir | Farm |
| 12:52 | Construir | Farm |
| 12:54 | Construir | Farm |
| 12:56 | Construir | Farm |
| 12:57 | Construir | Farm |
| 13:02 | Construir | Farm |
| 13:10 | Crear | Villager (Male) |
| 13:17 | Crear | Villager (Male) |
| 13:43 | Construir | Market |
| 13:59 | Construir | House |
| 14:01 | Construir | House |
| 14:03 | Construir | House |
| 14:34 | Construir | Blacksmith |
| 14:37 | Crear | Villager (Male) |
| 14:37 | Crear | Villager (Male) |
| 14:38 | Crear | Villager (Male) |
| 14:51 | Construir | Farm |
| 14:53 | Construir | Farm |
| 14:54 | Construir | Farm |
| 15:46 | Crear | Villager (Male) |
| 16:51 | Construir | House |
| 16:55 | Construir | House |
| 16:56 | Construir | House |
| 17:00 | Crear | Villager (Male) |
| 17:11 | Construir | Farm |
| 17:14 | Construir | Farm |
| 17:15 | Construir | Farm |
| 17:16 | Construir | Farm |
| 17:18 | Construir | Farm |
| 17:46 | Crear | Villager (Male) |
| 18:00 | Construir | Farm |
| 18:01 | Construir | Farm |
| 18:08 | Crear | Villager (Male) |
| 18:26 | Construir | Farm |
| 18:38 | Investigar | Castle Age |
| 18:38 | Investigar | Castle Age |
| 18:54 | Crear | Trade Cart ×3 |
| 19:37 | Construir | Barracks |
| 19:46 | Construir | Palisade Wall |
| 19:48 | Construir | Palisade Wall |
| 19:51 | Construir | Palisade Wall |
| 20:28 | Crear | Spearman |
| 20:53 | Crear | Villager (Male) |
| 20:54 | Crear | Villager (Male) |
| 21:21 | Edad | Edad de los Castillos |
| 21:32 | Construir | Town Center |
| 22:26 | Crear | Spearman |
| 22:27 | Crear | Villager (Male) |
| 22:32 | Crear | Villager (Male) ×5 |
| 22:48 | Construir | Monastery |
| 23:10 | Construir | Town Center |
| 23:34 | Crear | Monk |
| 23:35 | Crear | Monk |
| 23:35 | Crear | Monk |
| 24:10 | Crear | Villager (Male) ×5 |
| 24:11 | Crear | Villager (Male) ×5 |
| 24:12 | Crear | Villager (Male) ×5 |
| 24:12 | Crear | Villager (Male) ×5 |
| 24:12 | Crear | Villager (Male) ×5 |
| 24:13 | Crear | Villager (Male) ×5 |
| 24:56 | Construir | Farm |
| 24:57 | Construir | Farm |
| 24:58 | Construir | Farm |
| 24:59 | Construir | Farm |
| 25:01 | Construir | Farm |
| 25:02 | Construir | Farm |
| 25:03 | Construir | Farm |
| 25:04 | Construir | Farm |
| 25:05 | Construir | Farm |
| 25:07 | Construir | Farm |
| 25:15 | Investigar | Fervor |
| 27:17 | Crear | Monk |
| 27:17 | Crear | Monk |
| 27:34 | Crear | Villager (Male) ×5 |
| 28:54 | Crear | Trade Cart ×5 |
| 29:10 | Crear | Villager (Male) ×5 |
| 29:14 | Investigar | Caravan |
| 29:31 | Construir | University |
| 29:43 | Construir | University |
| 29:57 | Construir | House |
| 30:01 | Construir | House |
| 30:02 | Construir | House |
| 30:04 | Construir | House |
| 30:05 | Construir | House |
| 30:06 | Construir | House |
| 30:07 | Construir | House |
| 30:08 | Construir | House |
| 30:08 | Construir | House |
| 30:11 | Investigar | Imperial Age |
| 30:12 | Investigar | Wheelbarrow |
| 30:20 | Investigar | Town Watch |
| 30:41 | Construir | Mining Camp |
| 30:58 | Construir | Barracks |
| 30:59 | Construir | Barracks |
| 31:01 | Construir | Barracks |
| 31:03 | Construir | Barracks |
| 31:04 | Construir | Barracks |
| 31:06 | Construir | Barracks |
| 31:13 | Investigar | Sanctity |
| 31:28 | Crear | Trade Cart ×5 |
| 31:29 | Crear | Trade Cart ×5 |
| 31:29 | Crear | Trade Cart |
Cronología de la partida
| 10:06 | Dr. Fishy · first_building Barracks |
| 10:35 | Vladsepes · age_up feudal |
| 11:04 | Samo · age_up feudal |
| 11:06 | Dr. Fishy · age_up feudal |
| 11:33 | ibrhmyvz-95 · age_up feudal |
| 12:25 | bmacedo1987 · age_up feudal |
| 12:37 | ElBlack · first_building Barracks |
| 12:48 | Vladsepes · first_building Barracks |
| 13:10 | bmacedo1987 · wall_segment Stone Wall x13 |
| 13:30 | bmacedo1987 · wall_segment Stone Wall x9 |
| 13:35 | bmacedo1987 · wall_segment Stone Wall x9 |
| 13:50 | Samo · first_building Barracks |
| 13:55 | ElBlack · age_up feudal |
| 14:07 | bmacedo1987 · wall_segment Stone Wall x9 |
| 14:09 | bmacedo1987 · wall_segment Stone Wall x3 |
| 14:13 | bmacedo1987 · wall_segment Stone Wall x8 |
| 14:25 | bmacedo1987 · wall_segment Stone Wall x5 |
| 15:11 | LordCommanderPug · first_building Barracks |
| 15:15 | Vladsepes · first_market_buy 100 wood |
| 15:34 | ElBlack · first_building Stable |
| 15:45 | T4CH1CU1L · first_building Barracks |
| 15:49 | Vladsepes · first_market_sell 100 stone |
| 16:13 | Samo · age_up castle |
| 16:44 | ElBlack · first_market_buy 100 food |
| 16:45 | T4CH1CU1L · first_building Castle |
| 17:14 | T4CH1CU1L · first_building Siege Workshop |
| 17:38 | bmacedo1987 · age_up castle |
| 17:50 | Vladsepes · wall_segment Stone Wall x11 |
| 17:53 | Vladsepes · wall_segment Stone Wall x17 |
| 18:05 | ElBlack · age_up castle |
| 18:07 | LordCommanderPug · wall_segment Stone Wall x26 |
| 18:19 | ElBlack · first_building Monastery |
| 18:19 | Dr. Fishy · age_up castle |
| 18:53 | Vladsepes · age_up castle |
| 18:54 | LordCommanderPug · first_building Monastery |
| 19:03 | T4CH1CU1L · first_market_sell 100 wood |
| 19:14 | Dr. Fishy · first_building Castle |
| 19:37 | ibrhmyvz-95 · first_building Barracks |
| 19:38 | Samo · first_building Stable |
| 19:46 | ibrhmyvz-95 · wall_segment Palisade Wall x2 |
| 19:48 | ibrhmyvz-95 · wall_segment Palisade Wall x1 |
| 19:51 | ibrhmyvz-95 · wall_segment Palisade Wall x3 |
| 20:07 | Vladsepes · wall_segment Stone Wall x11 |
| 20:58 | Samo · first_market_buy 100 wood |
| 21:21 | ibrhmyvz-95 · age_up castle |
| 21:37 | bmacedo1987 · first_building Castle |
| 22:22 | Vladsepes · wall_segment Stone Wall x11 |
| 22:26 | Samo · first_building Siege Workshop |
| 22:48 | ibrhmyvz-95 · first_building Monastery |
| 22:55 | Dr. Fishy · first_market_buy 100 food |
| 23:36 | Samo · first_building Monastery |
| 23:55 | Vladsepes · first_building Archery Range |
| 24:32 | Vladsepes · wall_segment Stone Wall x1 |
| 24:34 | Vladsepes · wall_segment Stone Wall x1 |
| 24:35 | Vladsepes · wall_segment Stone Wall x1 |
| 24:44 | Samo · first_building Castle |
| 25:05 | T4CH1CU1L · first_market_buy 100 food |
| 26:15 | LordCommanderPug · first_building Stable |
| 27:06 | Vladsepes · first_building Castle |
| 27:40 | ElBlack · first_building Siege Workshop |
| 27:40 | ElBlack · age_up imperial |
| 28:40 | LordCommanderPug · first_building Siege Workshop |
| 29:53 | Vladsepes · wall_segment Stone Wall x3 |
| 29:56 | Vladsepes · wall_segment Stone Wall x3 |
| 31:18 | ElBlack · first_building Castle |
| 31:50 | LordCommanderPug · first_building Castle |
| 33:26 | ibrhmyvz-95 · age_up imperial |
| 35:13 | Vladsepes · first_building Siege Workshop |
| 35:18 | ibrhmyvz-95 · first_building Castle |
| 35:18 | Samo · age_up imperial |
| 35:27 | bmacedo1987 · age_up imperial |
| 38:13 | Dr. Fishy · first_building Stable |
| 40:28 | Dr. Fishy · age_up imperial |
| 40:59 | Samo · first_market_sell 500 food |
| 41:05 | ElBlack · first_market_sell 100 stone |
| 46:13 | LordCommanderPug · wall_segment Stone Wall x16 |
| 46:24 | LordCommanderPug · wall_segment Stone Wall x18 |
| 48:21 | ElBlack · resign |
[ ANÁLISIS IA · 1 CRÉDITO ]
¿Qué pasó realmente en esta partida?
Wolo.gg analiza cada decisión: build order, eco, micro, errores típicos por bracket. Análisis personalizado por WhatsApp o Discord en 30 segundos.
Guía civ
Turcos
Guía mapa
Arena
Perfil
ElBlack